AoeStats
← Fleischwolf

Pilgrims

508943260Analyzed
4v4 RM · 7d ago on Sep 24, 2026· 23m 9s· 8 players
Game mode
Random Map
Map size
Large (8 player)
Population
200
Speed
Normal
Resources
Standard
Victory
Conquest
Starting age
Dark Age
Ending age
Imperial Age
RankedLock teamsTeams togetherTeam positionsShared explorationLock speedFull tech treeHidden civsTurbo modeCheats
Victory
Defeat
🇩🇪 Koreans · Germany
1382
+16
🇩🇪 Vikings · Germany
1379
+16
🇩🇪 Persians · Germany
1286
+20
🇩🇪 Celts · Germany
1253
+20
🇲🇽 Danes · Mexico
1401
-19
🇪🇸 Aztecs · Spain
1388
-19
🇵🇪 Varangians · Peru
1360
-18
🇱🇾 Maya · Libya
1330
-16
:) YO30830
10:47 Feudal Age
11:25 Double-Bit Axe
11:25 Fishing Lines
16:05 Fletching
19:07 Castle Age
20:02 Medium Warships
19:49 Bodkin Arrow
life click
9:19 Loom
11:41 Feudal Age
17:25 Castle Age
15:58 Double-Bit Axe
21:04 Fletching
21:58 Bodkin Arrow
Mr.Brrum
3:39 Loom
10:44 Feudal Age
11:21 Double-Bit Axe
17:58 Castle Age
20:45 Fervor
salah.7nwiji
12:20 Feudal Age
15:57 Castle Age
13:52 Double-Bit Axe
13:57 Loom
14:23 Fletching
16:04 Stone Mining
17:50 Bodkin Arrow
18:47 Padded Archer Armor
20:02 Bow Saw
21:19 Leather Archer Armor
Fleischwolf
11:02 Feudal Age
11:52 Double-Bit Axe
14:25 Loom
18:02 Castle Age
16:46 Fishing Lines
18:32 Fletching
18:57 Medium Warships
19:01 Bow Saw
19:13 Gillnets
21:05 Bodkin Arrow
23:23 Ballistics
Moard
12:35 Feudal Age
16:21 Castle Age
15:51 Double-Bit Axe
17:32 Bow Saw
17:21 Arson
17:38 Scale Mail Armor
18:21 Squires
22:29 Fishing Lines
Kampfkekssss
7:23 Loom
11:23 Feudal Age
15:09 Castle Age
13:19 Double-Bit Axe
13:16 Fishing Lines
14:41 Bloodlines
14:47 Scale Barding Armor
15:12 Gold Mining
15:54 Bow Saw
16:03 Gillnets
16:44 Husbandry
19:46 Chain Barding Armor
21:23 Forging
22:27 Wheelbarrow
21:38 Town Watch
Wanda Lismus
10:04 Feudal Age
10:47 Double-Bit Axe
12:18 Fletching
18:34 Castle Age
16:29 Gold Mining
18:08 Forging
17:59 Scale Mail Armor
17:50 Fishing Lines
19:29 Medium Warships
19:57 Iron Casting
20:08 Chain Mail Armor
21:45 Bow Saw
Connection lost

Rejoining the realm…

Still unreachable

The connection could not be restored.

Session expired

The server has moved on; the page needs a fresh start.